 Dungeon Crawl Stone Soup version 0.30-a0-1075-gcd70e7a56d (webtiles) character file.

Game seed: 9804787134735626609

19 BlasphemerAmon the Insei (level 2, -3/21 HPs)
             Began as a Demonspawn Transmuter on Apr 14, 2023.
             Slain by a hobgoblin (5 damage)
             ... led by Robin
             ... on level 2 of the Dungeon.
             The game lasted 00:02:08 (422 turns).

BlasphemerAmon the Insei (Demonspawn Transmuter)     Turns: 422, Time: 00:02:08

Health: -3/21      AC:  2    Str: 10    XL:     2   Next: 55%
Magic:  5/5        EV: 12    Int: 14    God:
Gold:   65         SH:  4    Dex: 13    Spells: 4/5 levels left

rFire   . . .      SeeInvis .    d - +1 short sword (drain)
rCold   . . .      Faith    .    (no shield)
rNeg    . . .      Spirit   .    a - +0 robe
rPois   .          Reflect  .    (no helmet)
rElec   .          Rampage  .    (no cloak)
rCorr   .                        (no gloves)
Will    .....                    (no boots)
Stlth   +                        (no amulet)
HPRegen 0.23/turn                (no ring)
MPRegen 0.09/turn                (no ring)

@: no status effects
A: condensation shield
a: no special abilities


You were on level 2 of the Dungeon.
You visited 1 branch of the dungeon, and saw 3 of its levels.

You collected 65 gold pieces.

Inventory:

Hand Weapons
 d - a +1 short sword of draining (weapon)
Armour
 a - a +0 robe (worn)
Scrolls
 c - a scroll of fear {unknown}
 e - 3 scrolls of teleportation {unknown}
Potions
 b - a potion of lignification
 f - a potion of resistance {unknown}


   Skills:
 + Level 1.4 Fighting
 + Level 2.0 Dodging
 + Level 2.9 Unarmed Combat
 + Level 2.2 Spellcasting
 + Level 2.0 Transmutations


You had 4 spell levels left.
You knew the following spells:

 Your Spells              Type           Power      Damage    Failure   Level
a - Beastly Appendage     Tmut           14%        N/A       10%         1

Your spell library contained the following spells:

 Spells                   Type           Power      Damage    Failure   Level
 Wereblood                Tmut           7%         N/A       16%         2
 Spider Form              Tmut/Pois      4%         N/A       41%         3
 Ice Form                 Ice/Tmut       4%         N/A       83%         4


Dungeon Overview and Level Annotations

Branches:
Dungeon (3/15)

Altars:

Annotations:
D:3 Robin


Innate Abilities, Weirdness & Mutations

A meltable shield of frost defends you. (SH +4)


Message History

The goblin shouts!
You hear a shout! x5
Found 3 gold pieces and a dagger.
Found a stone staircase leading down and a stone staircase leading up.
There is a stone staircase leading up here. 3 goblins come into view.
The goblin shouts! x2; You hear a shout!
Robin throws the goblin at you!
A hobgoblin comes into view.
A goblin comes into view. It is wielding a +0 dagger. x4
The goblin shouts!
You hit the goblin. You drain the goblin.
You kill the goblin!
The dart slug launches a dart at you. The slug dart misses you.
Robin roars a battlecry!
The goblins go into a battle-frenzy!
You closely miss the ball python. The ball python bites you.
The ball python closely misses you. The dart slug launches a dart at you.
The slug dart hits you.
You closely miss the ball python. The ball python closely misses you. x2
The hobgoblin hits you but does no damage.
You hit the ball python.
The ball python is moderately wounded.
The ball python bites you. The ball python grabs you.
The ball python constricts you. The goblin hits you with a +0 club.
The hobgoblin barely misses you. You block the hobgoblin's attack.
The ball python bites you but does no damage.
The ball python constricts you.
You escape the ball python's grasp.
Robin throws the goblin at you! You block the hobgoblin's attack.
There is a stone staircase leading up here.
The goblin closely misses you. x2; The hobgoblin hits you.
* * * LOW HITPOINT WARNING * * *
You climb upwards.
There is a stone staircase leading down here.
You barely miss the goblin. The goblin hits you with a +0 dagger.
* * * LOW HITPOINT WARNING * * *
The hobgoblin closely misses you. The hobgoblin hits you.
You die...

.# .### ### .# ...#
#######.< .# ##.#
#.......###.# #.# #.#
#.......# ##.# #.#
#.......# ...# #.#
#......>### .#.# #.#
#....g....#
.#)####.###....g@.#
................gg#..
#..########...........
#..# #######.##.# #..#
<# # .... .. #.### ###
#.# #.#


You could see 2 hobgoblins and 2 goblins.

Vanquished Creatures
  A bat (D:1)
  4 endoplasms
  A giant cockroach (D:1)
  A hobgoblin (D:1)
  3 kobolds
  A quokka (D:1)
  2 ball pythons
  2 frilled lizards (D:1)
  2 goblins
  A rat (D:1)
18 creatures vanquished.

Notes
Turn   | Place    | Note
-------+----------+-------------------------------------------
     0 | D:1      | BlasphemerAmon the Demonspawn Transmuter began the quest
                  | for the Orb.
     0 | D:1      | Reached XP level 1. HP: 15/15 MP: 3/3
   146 | D:1      | Gained mutation: A meltable shield of frost defends you.
                  | (SH +4) [demonic ancestry]
   146 | D:1      | Reached XP level 2. HP: 12/21 MP: 5/5
   413 | D:3      | Noticed Robin
   422 | D:2      | Slain by a hobgoblin

Illustrated notes

Levels and vault maps discovered:
D:1:      giann_wishing_wells, layout_basic
D:2:      layout_loops_ring
D:3:      layout_rooms, mainiacjoe_overflow_alcove_1,
          mainiacjoe_overflow_small_starburst,
          chequers_temple_overflow_statue_of_worship, uniq_robin

Skill      XL: |  1  2 |
---------------+-------+-----
Dodging        | 2 |  2.0
Transmutations | 2 |  2.0
Fighting       | |  1.4
Unarmed Combat | |  2.9
Spellcasting   | |  2.2

Action                     || total
---------------------------++-------
  Melee: Unarmed           ||    24
         Kick              ||     1
         Punch             ||     1
         Short sword       ||    23
   Cast: Beastly Appendage ||     2
 Armour: Robe              ||     8
  Dodge: Dodged            ||    31
  Block: Other             ||     7

Table legend: (Time is in decaauts)
 A = Elapsed time spent in this place.
 B = Non-inter-level travel time spent in this place.
 C = Inter-level travel time spent in this place.
 D = Time resting spent in this place.
 E = Time spent auto-exploring this place.
 F = Levels seen in this place.
 G = Mean time per level.
                   A        B        C        D        E       F      G
               +--------+--------+--------+--------+--------+-----+--------+
         Total |    420 |    420 |      0 |      0 |      0 |   3 |  140.0 |
       Dungeon |    420 |    420 |      0 |      0 |      0 |   3 |  140.0 |
               +--------+--------+--------+--------+--------+-----+--------+

Top non-repeatable levels by time:
     D:1: 294 daAuts
     D:2: 118 daAuts
     D:3: 7 daAuts
